 Dungeon Crawl Stone Soup version 0.31.0-11-ge490571c62 (webtiles) character file.

Game seed: 2995015429164406641

8 browni3141 the Firebug (level 2, 19/19 HPs)
             Began as a Demonspawn Fire Elementalist on Jan 30, 2024.
             Got out of the dungeon alive.
             The game lasted 00:00:25 (502 turns).

browni3141 the Firebug (DsFE)                        Turns: 502, Time: 00:00:25

Health: 19/19      AC:  2    Str:  8    XL:     2   Next: 0%
Magic:  5/5        EV: 12    Int: 15    God:
Gold:   85         SH:  0    Dex: 13    Spells: 4/5 levels left

rFire   . . .        (no weapon)
rCold   . . .        (no shield)
rNeg    . . .        a - +0 robe
rPois   .            (no helmet)
rElec   .            (no cloak)
rCorr   .            (no gloves)
SInv    .            (no boots)
Will    .....        (no amulet)
Stlth   ++           (no ring)
HPRegen 0.23/turn    (no ring)
MPRegen 0.09/turn

%: no passive effects
@: no status effects
A: ignite blood 1
a: no special abilities


You escaped.
You visited 1 branch of the dungeon, and saw 1 of its levels.

You collected 85 gold pieces.

Inventory:

Armour
 a - a +0 robe (worn)
Jewellery
 h - a ring of protection from cold
Scrolls
 c - a scroll of amnesia {unknown}
 e - a scroll of teleportation {unknown}
 f - a scroll of fog {unknown}
 i - a scroll of identify {unknown}
Potions
 b - a potion of magic
 d - 2 potions of enlightenment {unknown}
 g - 2 potions of haste {unknown}


   Skills:
 + Level 1.9 Dodging
 + Level 2.0 Stealth
 + Level 2.1 Spellcasting
 + Level 1.2 Conjurations
 + Level 2.8 Fire Magic


You had 4 spell levels left.
You knew the following spells:

 Your Spells              Type           Power      Damage    Failure   Level
a - Foxfire               Conj/Fire      28%        2x1d5     10%         1

Your spell library contained the following spells:

 Spells                   Type           Power      Damage    Failure   Level
 Scorch                   Fire           20%        2d5       11%         2
 Inner Flame              Hex/Fire       5%         N/A       36%         3
 Volatile Blastmotes      Fire/Tloc      10%        2d10      36%         3
 Flame Wave               Conj/Fire      7%         2d5       67%         4


Dungeon Overview and Level Annotations

Branches:
Dungeon (1/15)

Altars:


Innate Abilities, Weirdness & Mutations

Your demonic aura sometimes causes spilled blood to erupt in flames.


Message History

The foxfire hits the endoplasm.
The endoplasm is severely wounded.
The foxfire hits the endoplasm but does no damage.
The endoplasm is severely wounded.
You are out of magic!
You hit the endoplasm but do no damage.
The endoplasm is severely wounded.
The endoplasm closely misses you.
You hit the endoplasm.
You kill the endoplasm!
No target in view!
No target in view!
Magic restored.
Found an escape hatch in the floor.
d - 2 brown potions You now have 15 gold pieces.
e - a scroll labelled XEABINW JEKU A goblin comes into view.
It is wielding a +0 club.
A goblin is nearby!
A goblin is nearby!
You conjure some foxfire!
The goblin shouts!
The foxfire hits the goblin.
The goblin is heavily wounded.
The foxfire hits the goblin.
You kill the goblin!
f - a scroll labelled VIJACI QIBLE A quokka comes into view.
A quokka is nearby!
You conjure some foxfire!
The foxfire hits the quokka.
The quokka is almost dead.
The foxfire hits the quokka.
You kill the quokka!
A ball python comes into view.
A ball python is nearby!
A ball python is nearby!
You conjure some foxfire!
The ball python hisses angrily.
The foxfire hits the ball python.
The ball python is heavily wounded.
Your foxfire dissipates!
You conjure some foxfire!
The foxfire hits the ball python.
You kill the ball python!
Your foxfire dissipates!
You now have 28 gold pieces (gained 13).
A ball python comes into view.
You see here a +0 pair of gloves.
A ball python is nearby!
A ball python is nearby!
You conjure some foxfire!
The ball python hisses angrily.
Your foxfire dissipates!
You conjure some foxfire!
The foxfire hits the ball python.
You kill the ball python!
Your foxfire dissipates!
You now have 37 gold pieces (gained 9).
You now have 50 gold pieces (gained 13).
g - 2 golden potions
Found a stone staircase leading down.
h - a ring of protection from cold You now have 66 gold pieces (gained 16).
There is a stone staircase leading down here.
A ball python comes into view.
A ball python is nearby!
A ball python is nearby!
You conjure some foxfire!
The foxfire hits the ball python.
You kill the ball python!
Your foxfire dissipates!
Found a stone staircase leading down.
i - a scroll labelled YGGUKLOFAGG You now have 76 gold pieces (gained 10).
You now have 85 gold pieces (gained 9).
You see here 6 stones.
You open the door.
There is an open door here.
You open the door.
There is an open door here.
A bat comes into view.
Found a stone staircase leading down.
You miscast Foxfire.
You are very lightly contaminated with residual magic.
Nothing appears to happen.
The bat completely misses you. The bat barely misses you.
You conjure some foxfire!
The bat hits you.
The foxfire hits the bat.
You kill the bat!
Your Stealth skill increases to level 2!
You have reached level 2!
Your demonic ancestry asserts itself...
Your blood heats up.
Your foxfire dissipates!
Your magical contamination has completely faded away.
HP restored.
There is an open door here.
There is a staircase leading out of the dungeon here.
You have escaped!

.................................
..#####......##...[..............
...# #......##########.####.....
#..## #......# #.# #..... #...#
#......# ... ...####
.#..###......#########.########
.#...##......#.....#.#.#......#
.#.......###.#.###.#.#.#.####.#
.###.###.#...#.#@..#.#.#.#..#.#
.###.###.#.###.#####.#.#.#.##.#
.#.......#.###.......#.#.#....#
.#.......#...#######.#.#.########
.'.......#.#............)........
.#.........###.##############.###
##......รท..# #...#..........#.#
##.........# #.#.#.########.#.#
>...#####..###.#.#........#.#.#


There were no monsters in sight!

Vanquished Creatures
  3 ball pythons (D:1)
  An endoplasm (D:1)
  A goblin (D:1)
  A quokka (D:1)
  A bat (D:1)
  A frilled lizard (D:1)
8 creatures vanquished.

Vanquished Creatures (others)
  20 foxfires (D:1)
20 creatures vanquished.

Grand Total: 28 creatures vanquished

Notes
Turn   | Place    | Note
-------+----------+-------------------------------------------
     0 | D:1      | browni3141 the Demonspawn Fire Elementalist began the quest
                  | for the Orb.
     0 | D:1      | Reached XP level 1. HP: 13/13 MP: 3/3
   456 | D:1      | Gained mutation: Your demonic aura sometimes causes spilled
                  | blood to erupt in flames. [demonic ancestry]
   456 | D:1      | Reached XP level 2. HP: 18/19 MP: 1/5
   502 | D:$      | Got out of the dungeon alive.

Illustrated notes

Levels and vault maps discovered:
D:1:      matt_arrival_spirals, layout_basic

Skill      XL: |  1 |
---------------+----+-----
Stealth        | 2 |  2.0
Dodging        | |  1.9
Spellcasting   | |  2.1
Conjurations   | |  1.2
Fire Magic     | |  2.8

Action                     || total
---------------------------++-------
  Melee: Unarmed           ||     2
   Cast: Foxfire           ||    11
 Armour: Robe              ||     1
  Dodge: Dodged            ||     3
